 Dungeon Sprint DCSS version 0.20-b1-2-gc5a9893 (webtiles) character file.

17741 Snowbourne the Ninja (level 12, -2/51 HPs)
             Began as a Spriggan Enchanter on May 22, 2017.
             Was the Champion of Dithmenos.
             Killed by divine providence
             ... invoked by a daeva
              (12 damage)
             ... in the Dungeon (Sprint I: "Red Sonja").
             The game lasted 00:15:42 (1936 turns).

Snowbourne the Ninja (Spriggan Enchanter)           Turns: 1936, Time: 00:15:42

Health: -2/51      AC:  4    Str:  4    XL:     12   Next: 21%
Magic:  16/22      EV: 30    Int: 23    God:    Dithmenos [******]
Gold:   745        SH:  0    Dex: 20    Spells: 4/16 levels left

rFire    + . .     SeeInvis +   n - +4 dagger (vamp)
rCold    x . .     Gourm    .   (shield restricted)
rNeg     + . .     Faith    .   m - +2 robe of Monotheism {+Inv rPois rC- Stlth+}
rPois    +         Spirit   .   (helmet restricted)
rElec    .         Reflect  .   (no cloak)
rCorr    .         Harm     .   (gloves unavailable)
MR       ++...     NoTele   +   (boots unavailable)
Stlth    ++++++++++             (no amulet)
Regen    0.2/turn               q - ring "Ecroeff" {+Fly rF+ rN+}
MPRegen  0.2/turn               r - +5 ring of intelligence

@: very quick
A: unfitting armour, see invisible, herbivore 3, speed 3, slow metabolism 2
a: Shadow Step, Shadow Form, Renounce Religion, Evoke Invisibility, Evoke Flight


You were in the Dungeon.
You worshipped Dithmenos.
Dithmenos was exalted by your worship.
You were not hungry.

You visited 1 branch You collected 2277 gold pieces.
You spent 1501 gold pieces at shops.
You donated 31 gold pieces to Zin.

Inventory:

Hand Weapons
 a - a +1 dagger
 l - a +0 dagger of venom
 n - a +4 vampiric dagger (weapon)
Armour
 b - a +0 robe
 m - the +2 robe of Monotheism (worn) {+Inv rPois rC- Stlth+}
   (You bought it in a shop in the Dungeon)

   It makes you vulnerable to cold.
   It protects you from poison.
   It lets you turn invisible.
   It makes you more stealthy.
Jewellery
 q - the ring "Ecroeff" (left hand) {+Fly rF+ rN+}
   (You bought it in a shop in the Dungeon)

   [ring of protection from fire]

   It protects you from fire.
   It protects you from negative energy.
   It lets you fly.
 r - a +5 ring of intelligence (right hand)
Wands
 p - a wand of polymorph (7/24)
 s - a wand of digging (13/24)
 t - a wand of paralysis (7/24)
Scrolls
 j - a scroll of blinking
Potions
 e - 3 potions of curing
 g - a potion of haste
 h - a potion of magic
 i - a potion of agility {unknown}
 k - 2 potions of lignification {unknown}
Books
 c - a book of Maledictions

   Spells                             Type                      Level
   a - Corona                         Hexes                        1
   b - Ensorcelled Hibernation        Hexes/Ice                    2
   c - Confuse                        Hexes                        3
   d - Tukima's Dance                 Hexes                        3
   e - Dazzling Spray                 Conjuration/Hexes            3
 o - Sif Muna's Catalogue of Boosting Weightlessness
   (You found it in the Dungeon)

   Spells                             Type                      Level
   a - Infusion                       Charms                       1
   b - Shock                          Conjuration/Air              1
   c - Song of Slaying                Charms                       2
   d - Poisonous Vapours              Poison/Air                   2
   e - Spectral Weapon                Hexes/Charms                 3
   f - Lightning Bolt                 Conjuration/Air              5
   g - Freezing Cloud                 Conjuration/Ice/Air          6
Comestibles
 d - a bread ration


   Skills:
 + Level 9.7 Short Blades
 + Level 12.5 Dodging
 O Level 27 Stealth
 - Level 2.6 Spellcasting
 * Level 20.7 Hexes
 + Level 12.6 Evocations


You had 4 spell levels left.
You knew the following spells:

 Your Spells              Type           Power        Failure   Level  Hunger
a - Corona                Hex            #######      0%          1    None
b - Ensorcelled Hibernat  Hex/Ice        ######       1%          2    ##.....
c - Confuse               Hex            #######.     0%          3    ###....
d - Dazzling Spray        Conj/Hex       ######       1%          3    ###....
e - Tukima's Dance        Hex            #######.     0%          3    ###....


Dungeon Overview and Level Annotations

Branches:
Dungeon (1/1)

Altars:
Cheibriados
Dithmenos
Elyvilon
Fedhas
Gozag
Hepliaklqana
Kikubaaqudgha
Makhleb
Nemelex Xobeh
Okawaru
Qazlal
Ru
Sif Muna
Trog
Uskayaw
Vehumet
Xom
Yredelemnul
Zin
The Shining One
Jiyva
Lugonu

Shops:
D }[*?([!}[?(}=*=!(?([*


Innate Abilities, Weirdness & Mutations

You are very small and have problems with some larger weapons.
You are too small for most types of armour.
You have supernaturally acute eyesight. (SInv)
You are a herbivore.
You cover ground extremely quickly.
You need consume almost no food.


Message History

You emit a cloud of dark smoke.
Casting: Dazzling Spray
Confirm with . or Enter, or press ? or * to list all spells.
Aiming: Dazzling Spray
Press: ? - help, Shift-Dir - straight line, f/p - daeva
Aim: a daeva, wielding an eudemon blade of holy wrath and wearing a large shield (black smoke, severely wounded)
Okay, then.
You feel much better.
The daeva hits you with an eudemon blade of holy wrath!!
* * * LOW HITPOINT WARNING * * *
You emit a cloud of dark smoke.
The daeva closely misses you. The daeva blocks your attack.
The daeva is severely wounded.
The daeva blocks your shadow's attack.
You hit the daeva.
The daeva is severely wounded.
The daeva blocks your shadow's attack.
The daeva calls down the wrath of the Shining One upon you.
The Shining One smites you!
You die...

######################
#..#§§§§+§§†§§§§§§#§§+
##'#§####†§§§§##§§+§§#
'.§#§#.###§§§#######+#
#.§+§#'#.###'#§§§##
#+####^..#.#§##§§§#
§§...#...)##..###§#
..§§^+.....##.#§@A#
##§§§#^....#..##§§#
.#§§§###++##.##§§§#
.#..## ..###..#§###
.#..# ##§$ ##...#
.##'# #§§ ###.# §##.#


$$$$ #.# §#### $$$$ #.# §# $$$$# #+# You could see a daeva.

Vanquished Creatures
  A lorocyproca (D)
  A hydra (D)
  2 centaur warriors (D)
  Sonja (D)
  7 unseen horrors (D)
  A deep troll (D)
  A lindwurm (D)
  An oklob plant (D)
  8 shining eyes (D)
  A gargoyle (D)
  2 kobold demonologists (D)
  4 demonic crawlers (D)
  A meliai (D)
  A hornet (D)
  A slime creature (D)
  Sigmund (D)
  2 redbacks (D)
  A yak (D)
  13 hogs (D)
  7 floating eyes (D)
  7 necrophages (D)
  An ogre (D)
  8 jellies (D)
  Ijyb (D)
  A ballistomycete (D)
  A ballistomycete spore (D)
76 creatures vanquished.

Vanquished Creatures (others)
  A gargoyle (D)
  A ballistomycete spore (D)
2 creatures vanquished.

Grand Total: 78 creatures vanquished

Notes
Turn   | Place    | Note
-------+----------+-------------------------------------------
     0 | D        | Snowbourne the Spriggan Enchanter began the quest for the Orb.
     0 | D        | Reached XP level 1. HP: 9/9 MP: 5/5
     2 | D        | Noticed Ijyb
    15 | D        | Killed Ijyb
    15 | D        | Reached skill level 8 in Stealth
    15 | D        | Reached skill level 5 in Hexes
    15 | D        | Reached XP level 2. HP: 3/13 MP: 6/6
   271 | D        | Learned a level 2 spell: Ensorcelled Hibernation
   272 | D        | Noticed an ogre
   274 | D        | Killed an ogre
   274 | D        | Reached skill level 12 in Stealth
   274 | D        | Reached XP level 3. HP: 16/16 MP: 8/8
   274 | D        | Reached XP level 4. HP: 21/21 MP: 9/9
   289 | D        | Learned a level 3 spell: Confuse
   290 | D        | Noticed Sigmund
   292 | D        | Killed Sigmund
   292 | D        | Reached skill level 15 in Stealth
   292 | D        | Reached XP level 5. HP: 24/24 MP: 10/10
   305 | D        | Found a deep blue altar of Sif Muna.
   307 | D        | Found a radiant altar of Vehumet.
   311 | D        | Reached XP level 6. HP: 28/28 MP: 11/11
   342 | D        | Found Ysemid's Magic Scroll Emporium.
   342 | D        | Found an ancient bone altar of Kikubaaqudgha.
   342 | D        | Found a hazy altar of Hepliaklqana.
   342 | D        | Found a stormy altar of Qazlal.
   342 | D        | Found a hide-covered altar of Uskayaw.
   342 | D        | Found a blossoming altar of Fedhas.
   342 | D        | Found a bloodstained altar of Trog.
   342 | D        | Found an iron altar of Okawaru.
   342 | D        | Found a basalt altar of Yredelemnul.
   342 | D        | Found a glowing golden altar of the Shining One.
   342 | D        | Found a snail-covered altar of Cheibriados.
   342 | D        | Found a sacrificial altar of Ru.
   342 | D        | Found a glowing silver altar of Zin.
   342 | D        | Found a shadowy altar of Dithmenos.
   342 | D        | Found a white marble altar of Elyvilon.
   342 | D        | Noticed a yak
   343 | D        | Found an opulent altar of Gozag.
   344 | D        | Killed a yak
   344 | D        | Reached skill level 17 in Stealth
   344 | D        | Reached skill level 10 in Hexes
   345 | D        | Found a sparkling altar of Nemelex Xobeh.
   351 | D        | Became a worshipper of Zin the Law-Giver
   351 | D        | Reached * piety under Zin
   351 | D        | Reached ** piety under Zin
   351 | D        | Reached *** piety under Zin
   351 | D        | Reached **** piety under Zin
   351 | D        | Reached ***** piety under Zin
   351 | D        | Reached ****** piety under Zin
   359 | D        | Noticed Sonja
   363 | D        | Killed Sonja
   363 | D        | Reached skill level 20 in Stealth
   363 | D        | Reached XP level 7. HP: 32/32 MP: 12/12
   378 | D        | Found Doycsif's Gadget Boutique.
   388 | D        | Noticed a shining eye
   388 | D        | Noticed a shining eye
   388 | D        | Noticed a shining eye
   388 | D        | Noticed a shining eye
   388 | D        | Noticed a shining eye
   388 | D        | Noticed a shining eye
   390 | D        | Reached XP level 8. HP: 36/36 MP: 13/13
   391 | D        | Noticed a shining eye
   391 | D        | Noticed a shining eye
   392 | D        | Killed a shining eye
   392 | D        | Reached skill level 21 in Stealth
   395 | D        | Killed a shining eye
   395 | D        | Reached skill level 22 in Stealth
   395 | D        | Paralysed by a floating eye for 4 turns
   404 | D        | Reached XP level 9. HP: 39/39 MP: 5/14
   414 | D        | Reached skill level 23 in Stealth
   416 | D        | Killed a shining eye
   428 | D        | Killed a shining eye
   428 | D        | Reached skill level 24 in Stealth
   437 | D        | Killed a shining eye
   437 | D        | Reached skill level 15 in Hexes
   450 | D        | Killed a shining eye
   450 | D        | Reached skill level 25 in Stealth
   450 | D        | Killed a shining eye
   450 | D        | Reached XP level 10. HP: 44/44 MP: 6/15
   459 | D        | Killed a shining eye
   468 | D        | Found Unulumu's Weapon Shop.
   468 | D        | Found Feoqau's Armour Shoppe.
   468 | D        | Found Hisih's Armour Boutique.
   468 | D        | Found Irec's Assorted Antiques.
   475 | D        | Bought the +2 robe of Monotheism {+Inv rPois rC- Stlth+} for 247 gold pieces
   520 | D        | Fell from the grace of Zin
   520 | D        | Became a worshipper of Dithmenos the Shadowed
   534 | D        | Learned a level 3 spell: Dazzling Spray
   538 | D        | Learned a level 3 spell: Tukima's Dance
   583 | D        | Noticed a deep troll
   587 | D        | Killed a deep troll
   587 | D        | Reached skill level 26 in Stealth
   597 | D        | Found Repriynua's Armour Emporium.
   625 | D        | Noticed a centaur warrior
   625 | D        | Noticed a centaur warrior
   627 | D        | Killed a centaur warrior
   628 | D        | Killed a centaur warrior
   628 | D        | Reached * piety under Dithmenos
   628 | D        | Reached skill level 27 in Stealth
   648 | D        | Killed a gargoyle
   651 | D        | Noticed an oklob plant
   653 | D        | Killed an oklob plant
   661 | D        | Reached ** piety under Dithmenos
   664 | D        | Reached skill level 5 in Dodging
   684 | D        | Noticed an unseen horror
   684 | D        | Noticed an unseen horror
   688 | D        | Killed an unseen horror
   690 | D        | Killed an unseen horror
   690 | D        | Reached XP level 11. HP: 47/47 MP: 16/18
   702 | D        | Reached *** piety under Dithmenos
   718 | D        | Reached **** piety under Dithmenos
   886 | D        | Reached skill level 5 in Short Blades
   888 | D        | Reached ***** piety under Dithmenos
   897 | D        | Identified Sif Muna's Catalogue of Boosting Weightlessness
   906 | D        | Found Haugg's Gadget Shoppe.
   906 | D        | Found Bis Buz's Distillery.
   906 | D        | Found Qeeh's Antique Armour Boutique.
   908 | D        | Found Luudwoq's Magic Scroll Emporium.
   908 | D        | Found Carreje's Weapon Shop.
   908 | D        | Found Utatushay's Gadget Shoppe.
   908 | D        | Found Muusent's Jewellery Boutique.
   908 | D        | Found Ixaimu's Assorted Antiques.
   908 | D        | Found Siguserr's Jewellery Shop.
   908 | D        | Found Waz Kikiorgh's Distillery.
   913 | D        | Found Huufroso's Antique Weapon Boutique.
   914 | D        | Found Gylalemas's Weapon Emporium.
   914 | D        | Found Atip's Magic Scroll Boutique.
   917 | D        | Found Jequihat's Assorted Antiques.
   922 | D        | Bought the ring "Ecroeff" {+Fly rF+ rN+} for 421 gold pieces
   962 | D        | Bought a +5 ring of intelligence for 453 gold pieces
  1007 | D        | Found a burning altar of Makhleb.
  1007 | D        | Found a viscous altar of Jiyva.
  1007 | D        | Found a shimmering altar of Xom.
  1007 | D        | Found a corrupted altar of Lugonu.
  1449 | D        | Reached ****** piety under Dithmenos
  1614 | D        | Reached skill level 10 in Evocations
  1631 | D        | Noticed a lorocyproca
  1634 | D        | Killed a lorocyproca
  1701 | D        | Bought a wand of digging (15/24) for 380 gold pieces
  1755 | D        | Reached skill level 10 in Dodging
  1798 | D        | Noticed a lindwurm
  1800 | D        | Killed a lindwurm
  1872 | D        | Noticed a 12-headed hydra
  1875 | D        | Killed a 12-headed hydra
  1897 | D        | Noticed a daeva
  1900 | D        | Noticed an unseen horror
  1900 | D        | Noticed an unseen horror
  1900 | D        | Noticed an unseen horror
  1901 | D        | Noticed an unseen horror
  1903 | D        | Killed an unseen horror
  1903 | D        | Reached XP level 12. HP: 51/51 MP: 20/22
  1936 | D        | Killed from afar by a daeva

Skill      XL: |  1  2  3  4  5  6  7  8  9 10 11 12 |
---------------+-------------------------------------+-----
Stealth        | 8 12 15 20 22 25 27 | 27.0
Hexes          | 5 7 9 12 13 15 17 20 | 20.7
Evocations     | 8 12 | 12.6
Short Blades   | 4 9 |  9.7
Dodging        | 6 11 12 | 12.5
Spellcasting   | |  2.6

Action                   |  1- 3 |  4- 6 |  7- 9 | 10-12 || total
-------------------------+-------+-------+-------+-------++-------
Melee: Dagger            |    12 |     4 |    47 |   101 ||   164
 Cast: Ensorcelled Hiber |       |       |     5 |     9 ||    14
       Confuse           |       |       |     1 |     5 ||     6
       Dazzling Spray    |       |       |       |    19 ||    19
Invok: Recite            |       |       |     2 |       ||     2
       Shadow Step       |       |       |       |     5 ||     5
Evoke: Wand              |       |       |       |     2 ||     2
  Use: Potion            |     1 |       |       |     2 ||     3
       Scroll            |       |       |       |     1 ||     1
 Stab: Sleeping          |     1 |     4 |     6 |    51 ||    62
       Confused          |       |       |       |     3 ||     3
       Invisible         |       |       |       |     3 ||     3
  Eat: Bread ration      |       |       |       |     1 ||     1
       Royal jelly       |       |       |       |     1 ||     1
Armor: Robe              |       |       |       |     2 ||     2
Dodge: Dodged            |     6 |       |       |    53 ||    59
